 Dungeon Crawl Stone Soup version 0.31-a0-971-g75a2e9a4b4 (webtiles) character file.

Game seed: 16416031384421183033

42 Azuregosa the Covert (level 3, -1/26 HPs)
             Began as an Octopode Delver on Oct 28, 2023.
             Slain by a goblin
             ... wielding a +0 club
             ... led by Robin
              (7 damage)
             ... on level 3 of the Dungeon.
             The game lasted 00:02:06 (451 turns).

Azuregosa the Covert (Octopode Delver)               Turns: 451, Time: 00:02:07

Health: -1/26      AC:  1    Str: 17    XL:     3   Next: 54%
Magic:  12/12      EV: 13    Int: 12    God:
Gold:   27         SH:  0    Dex: 15    Spells: 2/2 levels left

rFire   . . .        a - +0 falchion
rCold   . . .        (no shield)
rNeg    . . .        (helmet restricted)
rPois   .            (no amulet)
rElec   .            g - +6 ring of strength
rCorr   .            i - ring of magical power
SInv    .            (no ring)
Will    .....        (no ring)
Stlth   +++++        (no ring)
HPRegen 0.24/turn    (no ring)
MPRegen 0.13/turn    (no ring)
                     (no ring)

%: no passive effects
@: no status effects
A: almost no armour, amphibious, 8 rings, camouflage 1, gelatinous body 1,
(nimble swimmer 1), tentacles
a: no special abilities


You were on level 3 of the Dungeon.
You visited 1 branch of the dungeon, and saw 3 of its levels.

You collected 27 gold pieces.

Inventory:

Hand Weapons
 a - a +0 falchion (weapon)
Missiles
 c - 2 stones
Jewellery
 g - a +6 ring of strength (left tentacle)
 i - a ring of magical power (right tentacle)
Wands
 f - a wand of digging (3)
Scrolls
 b - a scroll of fog
 d - a scroll of fear
 h - 3 scrolls of identify {unknown}
 k - a scroll of amnesia {unknown}
Potions
 e - a potion of haste
 j - a potion of might {unknown}
 l - a potion of brilliance {unknown}


   Skills:
 - Level 3.0 Fighting
 - Level 2.0 Long Blades
 - Level 2.0 Dodging
 + Level 8.2 Stealth


You had 2 spell levels left.
You didn't know any spells.
Your spell library was empty.

Dungeon Overview and Level Annotations

Branches:
Dungeon (5/15)
 Temple: D:4-7

Altars:

Annotations:
D:3 Robin
D:4 Blork the orc


Innate Abilities, Weirdness & Mutations

You cannot wear most types of armour.
You are amphibious.
You can wear up to eight rings at the same time.
Your skin changes colour to match your surroundings (Stealth+).
Your rubbery body absorbs attacks. (AC +1, EV +1)
((You are camouflaged when in or above water. (Stealth+)))
You have tentacles for arms and can constrict up to eight enemies at once.


Message History

You hit the ball python.
You kill the ball python!
You see here a ball python corpse.
l - a puce potion You now have 27 gold pieces (gained 10).
h - 3 scrolls labelled VIAFRU WOURROI (gained 1)
You start resting.
HP restored. 4 goblins and a hobgoblin come into view.
Robin and 5 goblins come into view.
Found a scale mail.
The goblin shouts! x3; The hobgoblin shouts!
You hear a shout!
The goblin moves out of view.
You hear a shout!
The goblin shouts! x2
A hobgoblin comes into view.
Robin shouts!
The goblin shouts!
Robin throws the goblin at you!
A goblin comes into view. It is wielding a +0 club.
The goblin hits you with a +0 club.
The goblin shouts!
You barely miss the goblin. Your grab misses the goblin.
You squeeze the goblin.
The goblin is severely wounded.
The goblin closely misses you.
Robin roars a battlecry!
The goblins go into a battle-frenzy!
The goblin hits you with a +0 club!
Unknown command.
You hit the goblin.
You kill the goblin!
Robin throws the goblin at you! The goblin closely misses you.
The goblin hits you with a +0 dagger.
You slash the goblin!
You kill the goblin!
The goblin hits you with a +0 dagger.
* * * LOW HITPOINT WARNING * * *
Robin throws the goblin at you!
* * * LOW HITPOINT WARNING * * *
The goblin hits you with a +0 club!
You die...

######..#.# #......#
#..#.# #.#.#..# ##..†.#
#.#.#..#
##.#....)###.#.#..###.#
.......................#
.######.##########.#####
#.# ###.# #.# #...# #+#
#@### #g# #g#


#gg #ggg ggggg #...## #.[## #.## You could see Robin, 2 hobgoblins and 7
goblins.

Vanquished Creatures
  A jelly (D:4)
  A dart slug (D:3)
  2 ball pythons (D:3)
  2 goblins (D:3)
  A hobgoblin (D:3)
  A quokka (D:4)
  2 kobolds (D:3)
10 creatures vanquished.

Notes
Turn   | Place    | Note
-------+----------+-------------------------------------------
     0 | D:5      | Azuregosa the Octopode Delver began the quest for the Orb.
     0 | D:5      | Reached XP level 1. HP: 16/16 MP: 1/1
    41 | D:5      | Identified the +0 robe of Omuynug {Harm Str+3 Int+2}
    45 | D:5      | Noticed an ice beast
   116 | D:4      | Noticed Blork the orc
   141 | D:4      | Noticed a jelly
   147 | D:4      | Killed a jelly
   148 | D:4      | Reached skill level 7 in Stealth
   148 | D:4      | Reached XP level 2. HP: 8/21 MP: 2/2
   148 | D:4      | Reached XP level 3. HP: 10/26 MP: 3/3
   236 | D:4      | Reached skill level 8 in Stealth
   446 | D:3      | Noticed Robin
   451 | D:3      | Slain by a goblin

Illustrated notes

Levels and vault maps discovered:
D:3:      layout_loops_corners, uniq_robin
D:4:      layout_rooms, uniq_blork_the_orc
D:5:      layout_rooms, enter_ossuary_5, uniq_eustachio

Skill      XL: |  1  2  3 |
---------------+----------+-----
Stealth        | 7 8 |  8.2
Fighting       | |  3.0
Long Blades    | |  2.0
Dodging        | |  2.0

Action                     || total
---------------------------++-------
  Melee: Falchion          ||    18
         Tentacles         ||     4
         Constrict         ||     5
    Use: Scroll            ||     1
   Stab: Sleeping          ||     2
 Armour: Skin              ||    15
  Dodge: Dodged            ||     9

Table legend: (Time is in decaauts)
 A = Elapsed time spent in this place.
 B = Non-inter-level travel time spent in this place.
 C = Inter-level travel time spent in this place.
 D = Time resting spent in this place.
 E = Time spent auto-exploring this place.
 F = Levels seen in this place.
 G = Mean time per level.
                   A        B        C        D        E       F      G
               +--------+--------+--------+--------+--------+-----+--------+
         Total |    453 |    453 |      0 |    151 |    109 |   3 |  151.0 |
       Dungeon |    453 |    453 |      0 |    151 |    109 |   3 |  151.0 |
               +--------+--------+--------+--------+--------+-----+--------+

Top non-repeatable levels by time:
     D:3: 205 daAuts
     D:4: 183 daAuts
     D:5: 64 daAuts
